Vegas Golden Knights vs St.Louis Blues
Created - Wednesday, April 30, 2025 at 08:47
Goals
|
| Vegas Golden Knights |
1 |
0 |
1 |
0 |
0 |
2 |
| St.Louis Blues |
0 |
2 |
0 |
0 |
1 |
3 |
|
Shots
|
| Vegas Golden Knights |
11 |
8 |
13 |
0 |
3 |
32 |
| St.Louis Blues |
19 |
4 |
8 |
0 |
2 |
31 |
|
1st period
1. Vegas Golden Knights , Reilly Smith 12 (Marc-Edouard Vlasic 6, Bryan Rust 36) at 16:59
Penalties :
Mark Stone (STL) for Tripping (Minor) at 12:33
2nd period
2. St.Louis Blues , Alex Tuch 6 (Mark Stone 23, Elias Lindholm 17) at 4:28
3. St.Louis Blues , Jack Eichel 28 (Jake Guentzel 37) at 16:32
Penalties :
Brandon Hagel (STL) for Holding (Minor) at 0:23, Thomas Chabot (VGK) for Hooking (Minor) at 8:27, Thomas Chabot (VGK) for Tripping (Minor) at 11:10, Robert Thomas (STL) for Goalie Interference (Minor) at 17:04
3rd period
4. Vegas Golden Knights , Johnny Gaudreau 23 (Sean Monahan 39) at 10:08
Penalties :
Sean Monahan (VGK) for Hooking (Minor) at 5:01, John Marino (VGK) for Tripping (Minor) at 10:38
Overtime #1
No Goal
Penalties :
No Penalty
Shootout
Vegas Golden Knights, Auston Matthews - Stopped by Scott Wedgewood
St.Louis Blues, Elias Pettersson - Stopped by Semyon Varlamov
Vegas Golden Knights, Bryan Rust - Stopped by Scott Wedgewood
St.Louis Blues, Jack Eichel - Goal!
Vegas Golden Knights, Sean Monahan - Stopped by Scott Wedgewood
Penalties :
No Penalty
Goalie Stats
Semyon Varlamov (VGK), 29 saves from 31 shots - (0.935), OTL, 28-12-6, 65:00 minutes
Scott Wedgewood (STL), 30 saves from 32 shots - (0.938), W, 8-3-0, 65:00 minutes
Players Stats for Vegas Golden Knights
Player Name G A P +/- PIM S H SB GA TA FO MP PP MP PK MP
------------------------------------------------------------------------------------
Auston Matthews 0 0 0 0 0 7 2 0 0 1 4/7 17:03 2:57 0:00
Bryan Rust 0 1 1 0 0 2 2 0 2 1 0/1 17:02 2:57 0:00
Cole Smith 0 0 0 0 0 0 1 0 0 0 0/0 11:00 0:00 3:51
Danton Heinen 0 0 0 -1 0 1 1 0 1 0 0/0 11:59 0:00 0:00
Denis Gurianov 0 0 0 0 0 1 0 0 0 0 0/2 12:23 0:01 3:51
John Marino 0 0 0 -1 2 0 2 0 0 1 0/0 27:00 3:10 3:16
Johnny Gaudreau 1 0 1 1 0 3 2 1 0 1 0/2 17:30 2:59 0:00
Jordan Staal 0 0 0 0 0 1 0 0 0 0 7/11 12:21 0:01 3:51
Marc-Edouard Vlasic 0 1 1 0 0 3 0 1 0 1 0/0 19:11 0:00 4:11
Matt Nieto 0 0 0 -1 0 1 1 0 0 0 1/1 15:54 0:01 3:51
Reilly Smith 1 0 1 0 0 2 3 0 0 0 0/1 15:11 2:57 0:00
Roman Josi 0 0 0 0 0 3 1 1 1 0 0/0 25:50 2:47 2:57
Ryan Graves 0 0 0 0 0 2 1 0 0 1 0/0 17:52 0:00 3:32
Sean Couturier 0 0 0 -1 0 5 2 2 0 0 6/10 17:01 3:10 0:14
Sean Monahan 0 1 1 1 2 0 0 0 0 0 12/23 19:11 2:59 0:00
Shea Theodore 0 0 0 1 0 0 0 0 0 0 0/0 16:14 0:00 0:20
Thomas Chabot 0 0 0 0 4 0 2 1 0 1 0/0 19:43 2:47 1:36
Tyler Toffoli 0 0 0 1 0 1 0 0 0 1 0/0 19:35 2:59 0:14
Players Stats for St.Louis Blues
Player Name G A P +/- PIM S H SB GA TA FO MP PP MP PK MP
------------------------------------------------------------------------------------
Alex Pietrangelo 0 0 0 1 0 0 3 2 1 1 0/0 21:46 0:00 0:00
Alex Tuch 1 0 1 1 0 4 0 1 1 0 0/1 14:19 2:55 2:50
Brandon Hagel 0 0 0 -1 2 1 0 0 0 0 0/0 16:29 3:33 0:00
Brayden Point 0 0 0 -1 0 2 1 0 2 0 3/4 17:39 4:19 0:00
Colton Parayko 0 0 0 1 0 2 4 2 0 0 0/0 25:04 0:00 3:05
Dakota Joshua 0 0 0 0 0 2 0 0 0 0 1/3 10:04 0:04 0:00
Elias Lindholm 0 1 1 1 0 2 0 1 0 0 5/8 14:21 3:33 2:50
Elias Pettersson 0 0 0 0 0 1 1 2 0 2 0/1 22:15 5:01 0:13
Jaccob Slavin 0 0 0 -2 0 0 0 3 0 1 0/0 19:55 0:00 2:52
Jack Eichel 1 0 1 0 0 4 1 1 1 0 6/13 23:29 5:01 0:00
Jake Guentzel 0 1 1 0 0 1 2 0 1 0 1/2 22:23 4:19 0:03
Jake Sanderson 0 0 0 -2 0 1 1 1 1 0 0/0 21:39 0:04 3:05
Lars Eller 0 0 0 0 0 4 1 1 1 0 6/10 13:16 0:00 3:01
Logan O'Connor 0 0 0 0 0 3 2 0 0 0 0/0 13:15 0:04 2:54
Mark Stone 0 1 1 1 2 1 2 0 0 0 0/1 12:33 3:33 0:00
Mikhail Sergachev 0 0 0 1 0 0 0 0 0 0 0/0 14:21 2:55 0:00
Nick Leddy 0 0 0 1 0 1 0 0 0 0 0/0 13:10 0:00 2:52
Robert Thomas 0 0 0 -1 2 2 2 0 0 0 6/15 18:02 4:19 0:03
3 Stars
1 - Johnny Gaudreau (VGK)
2 - Alex Tuch (STL)
3 - Scott Wedgewood (STL)
Power Play
Vegas Golden Knights - 0 on 3 Attempt(s) - 0.00%
St.Louis Blues - 0 on 4 Attempt(s) - 0.00%
Penalty Kill
Vegas Golden Knights - 4 on 4 Attempt(s) - 100.00%
- Score 0 goal in Penalty Kill
St.Louis Blues - 3 on 3 Attempt(s) - 100.00%
- Score 0 goal in Penalty Kill
Team Stat
Vegas Golden Knights - Hits : 20 - Faceoff Wins : 30 - Blocked Shots : 6 - Penalty Minutes : 8
St.Louis Blues - Hits : 20 - Faceoff Wins : 28 - Blocked Shots : 14 - Penalty Minutes : 6
Official
Referees : Tom Chmielewski and Michael Markovic
Linesman : Brad Kovachik and Michel Cormier
Game Notes
No Game Note
Finance
Level 1 -- Attendance: 6000 (100.00%) -- Ticket Income $570,000
Level 2 -- Attendance: 4896 (97.92%) -- Ticket Income $279,072
Level 3 -- Attendance: 2935 (97.83%) -- Ticket Income $96,855
Level 4 -- Attendance: 5000 (100.00%) -- Ticket Income $115,000
Luxury Box -- Attendance: 1000 (100.00%) -- Ticket Income $194,000
Game was played at the Scottrade Center.
Total Attendance: 19831 (99.16%)
Total Ticket Income: $1,254,927
Other Income: $439,224
Total Income: $1,694,151
Vegas Golden Knights
5 vs 5 Forward
Center Left Wing Right Wing Time % Phy DF OF
1 Auston Matthews Bryan Rust Reilly Smith 30 1 2 2
2 Sean Monahan Johnny Gaudreau Tyler Toffoli 30 1 2 2
3 Sean Couturier Matt Nieto Danton Heinen 25 1 2 2
4 Jordan Staal Cole Smith Denis Gurianov 15 1 2 2
5 vs 5 Defense
Defense Defense Time % Phy DF OF
1 Roman Josi Shea Theodore 30 1 2 2
2 Thomas Chabot John Marino 30 1 2 2
3 Marc-Edouard Vlasic Ryan Graves 25 1 2 2
4 John Marino Roman Josi 15 1 2 2
PowerPlay Forward
Center Left Wing Right Wing Time % Phy DF OF
1 Auston Matthews Bryan Rust Reilly Smith 50 1 2 2
2 Sean Monahan Johnny Gaudreau Tyler Toffoli 50 1 2 2
PowerPlay Defense
Defense Defense Time % Phy DF OF
1 Sean Couturier John Marino 50 1 2 2
2 Thomas Chabot Roman Josi 50 1 2 2
Penalty Kill 4 Players Forward
Center Wing Time % Phy DF OF
1 Jordan Staal Matt Nieto 50 1 2 2
2 Denis Gurianov Cole Smith 50 1 2 2
Penalty Kill 4 Players Defense
Defense Defense Time % Phy DF OF
1 Marc-Edouard Vlasic Thomas Chabot 50 1 2 2
2 Ryan Graves John Marino 50 1 2 2
Penalty Kill - 3 Players Forward
Forward Time % Phy DF OF
1 Jordan Staal 50 1 2 2
2 Denis Gurianov 50 1 2 2
Penalty Kill - 3 Players Defense
Defense Defense Time % Phy DF OF
1 Marc-Edouard Vlasic Thomas Chabot 50 1 2 2
2 Ryan Graves John Marino 50 1 2 2
4 vs 4 Forward
Center Wing Time % Phy DF OF
1 Auston Matthews Bryan Rust 50 1 2 2
2 Sean Monahan Tyler Toffoli 50 1 2 2
4 vs 4 Defense
Defense Defense Time % Phy DF OF
1 Roman Josi Shea Theodore 50 1 2 2
2 Thomas Chabot John Marino 50 1 2 2
Last Minutes Offensive
Center Left Wing Right Wing Defense Defense
Auston Matthews Bryan Rust Sean Monahan Roman Josi Thomas Chabot
Last Minutes Defensive
Center Left Wing Right Wing Defense Defense
Jordan Staal Denis Gurianov Matt Nieto Marc-Edouard Vlasic John Marino
Goaltenders
Starting : Semyon Varlamov
Backup : Cayden Primeau
Extra Forwards
Normal : Sean Monahan, Auston Matthews, Bryan Rust - PP : Jordan Staal, Matt Nieto - PK : Sean Couturier
Extra Defensemen
Normal : Thomas Chabot, Roman Josi, John Marino - PP : Roman Josi - PK : John Marino, Roman Josi
Penalty Shots
Auston Matthews, Bryan Rust, Sean Monahan, Tyler Toffoli, Sean Couturier
Scratches
Travis Hamonic (Healthy), Pierre-edouard Bellemare (Healthy)
St.Louis Blues
5 vs 5 Forward
Center Left Wing Right Wing Time % Phy DF OF
1 Jack Eichel Elias Pettersson Jake Guentzel 40 0 2 3
2 Robert Thomas Brandon Hagel Brayden Point 31 0 2 3
3 Elias Lindholm Alex Tuch Mark Stone 22 0 3 2
4 Lars Eller Dakota Joshua Logan O'Connor 7 1 2 2
5 vs 5 Defense
Defense Defense Time % Phy DF OF
1 Colton Parayko Alex Pietrangelo 45 1 2 2
2 Jake Sanderson Jaccob Slavin 35 1 2 2
3 Mikhail Sergachev Nick Leddy 20 1 2 2
4 Colton Parayko Alex Pietrangelo 0 1 2 2
PowerPlay Forward
Center Left Wing Right Wing Time % Phy DF OF
1 Robert Thomas Brayden Point Jake Guentzel 60 1 0 4
2 Elias Lindholm Brandon Hagel Mark Stone 40 1 0 4
PowerPlay Defense
Defense Defense Time % Phy DF OF
1 Jack Eichel Elias Pettersson 60 0 1 4
2 Alex Tuch Mikhail Sergachev 40 0 1 4
Penalty Kill 4 Players Forward
Center Wing Time % Phy DF OF
1 Lars Eller Logan O'Connor 50 1 4 0
2 Elias Lindholm Alex Tuch 50 1 4 0
Penalty Kill 4 Players Defense
Defense Defense Time % Phy DF OF
1 Jake Sanderson Colton Parayko 50 1 4 0
2 Jaccob Slavin Nick Leddy 50 1 4 0
Penalty Kill - 3 Players Forward
Forward Time % Phy DF OF
1 Elias Lindholm 50 0 5 0
2 Lars Eller 50 0 5 0
Penalty Kill - 3 Players Defense
Defense Defense Time % Phy DF OF
1 Jake Sanderson Colton Parayko 50 0 5 0
2 Nick Leddy Alex Pietrangelo 50 0 5 0
4 vs 4 Forward
Center Wing Time % Phy DF OF
1 Jack Eichel Jake Guentzel 50 0 2 3
2 Robert Thomas Brayden Point 50 0 2 3
4 vs 4 Defense
Defense Defense Time % Phy DF OF
1 Jake Sanderson Alex Pietrangelo 50 0 3 2
2 Colton Parayko Mikhail Sergachev 50 0 3 2
Last Minutes Offensive
Center Left Wing Right Wing Defense Defense
Robert Thomas Elias Pettersson Jake Guentzel Brayden Point Jack Eichel
Last Minutes Defensive
Center Left Wing Right Wing Defense Defense
Elias Lindholm Logan O'Connor Robert Thomas Jake Sanderson Colton Parayko
Goaltenders
Starting : Scott Wedgewood
Backup : Connor Hellebuyck
Extra Forwards
Normal : Brandon Hagel, Mark Stone, Alex Tuch - PP : Brandon Hagel, Dakota Joshua - PK : Robert Thomas
Extra Defensemen
Normal : Jake Sanderson, Mikhail Sergachev, Colton Parayko - PP : Mikhail Sergachev - PK : Jaccob Slavin, Nick Leddy
Penalty Shots
Elias Pettersson, Jack Eichel, Alex Tuch, Jake Guentzel, Brayden Point
Scratches
Jack Roslovic (Healthy), Adam Pelech (Healthy)
% Time on Ice - Vegas Golden Knights
Lines # - Real PCT - Wanted PCT - Time Play
Normal Forward
1 - 27% - 30% - 12:22
2 - 32% - 30% - 14:37
3 - 26% - 25% - 11:59
4 - 16% - 15% - 7:09
Normal Defense
1 - 32% - 30% - 14:48
2 - 29% - 30% - 13:36
3 - 29% - 25% - 13:34
4 - 9% - 15% - 4:09
PP Forward
1 - 50% - 50% - 2:58
2 - 50% - 50% - 2:59
PP Defense
1 - 53% - 50% - 3:10
2 - 47% - 50% - 2:47
PK Forward
1 - 51% - 50% - 4:02
2 - 49% - 50% - 3:54
PK Defense
1 - 55% - 50% - 4:24
2 - 45% - 50% - 3:32
PK3 Forward
1 - 0% - 50%
2 - 0% - 50%
PK3 Defense
1 - 0% - 50%
2 - 0% - 50%
44 Forward
1 - 48% - 50% - 2:25
2 - 52% - 50% - 2:35
44 Defense
1 - 58% - 50% - 2:54
2 - 42% - 50% - 2:06
Last Minute Offensive - 0:00
Last Minute Defensive - 0:00
Total
Forward - 65:00
Defense - 65:00
|
% Time on Ice - St.Louis Blues
Lines # - Real PCT - Wanted PCT - Time Play
Normal Forward
1 - 37% - 40% - 17:02
2 - 25% - 31% - 11:37
3 - 17% - 22% - 7:51
4 - 21% - 7% - 9:37
Normal Defense
1 - 44% - 45% - 20:24
2 - 37% - 35% - 16:55
3 - 19% - 20% - 8:48
4 - 0% - 0% - 0:00
PP Forward
1 - 55% - 60% - 4:23
2 - 45% - 40% - 3:33
PP Defense
1 - 63% - 60% - 5:01
2 - 37% - 40% - 2:55
PK Forward
1 - 52% - 50% - 3:07
2 - 48% - 50% - 2:50
PK Defense
1 - 52% - 50% - 3:05
2 - 48% - 50% - 2:52
PK3 Forward
1 - 0% - 50%
2 - 0% - 50%
PK3 Defense
1 - 0% - 50%
2 - 0% - 50%
44 Forward
1 - 48% - 50% - 2:23
2 - 52% - 50% - 2:37
44 Defense
1 - 52% - 50% - 2:35
2 - 48% - 50% - 2:25
Last Minute Offensive - 0:00
Last Minute Defensive - 0:00
Total
Forward - 65:00
Defense - 65:00
|
Play-by-Play
1st period
0:01 of 1st period - Auston Matthews wins face-off versus Jack Eichel in neutral zone.
0:30 of 1st period - Off-side.
0:31 of 1st period - Robert Thomas wins face-off versus Sean Couturier in neutral zone.
0:41 of 1st period - Off-side.
0:42 of 1st period - Jordan Staal wins face-off versus Mark Stone in neutral zone.
0:57 of 1st period - Snap shot by Alex Tuch.
0:57 of 1st period - Shot Misses the Net.
0:59 of 1st period - Snap shot by Elias Lindholm.
0:59 of 1st period - Stopped by Semyon Varlamov without a rebound.
1:00 of 1st period - Sean Monahan wins face-off versus Lars Eller in Vegas Golden Knights zone.
1:27 of 1st period - Jaccob Slavin is hit by Danton Heinen and loses puck.
1:56 of 1st period - Snap shot by Robert Thomas.
1:56 of 1st period - Stopped by Semyon Varlamov with a rebound.
1:58 of 1st period - Slapshot by Robert Thomas.
1:58 of 1st period - Shot Blocked by Marc-Edouard Vlasic.
2:00 of 1st period - Snap shot by Robert Thomas.
2:00 of 1st period - Shot Misses the Net.
3:40 of 1st period - Wrist shot by Mark Stone.
3:40 of 1st period - Stopped by Semyon Varlamov with a rebound.
3:42 of 1st period - Snap shot by Elias Lindholm.
3:42 of 1st period - Stopped by Semyon Varlamov with a rebound.
3:44 of 1st period - Wrist shot by Alex Tuch.
3:44 of 1st period - Stopped by Semyon Varlamov with a rebound.
4:00 of 1st period - John Marino is hit by Jake Guentzel and loses puck.
4:10 of 1st period - Off-side.
4:11 of 1st period - Sean Couturier wins face-off versus Lars Eller in neutral zone.
5:47 of 1st period - Snap shot by Auston Matthews.
5:47 of 1st period - Stopped by Scott Wedgewood with a rebound.
5:49 of 1st period - Snap shot by Auston Matthews.
5:49 of 1st period - Stopped by Scott Wedgewood without a rebound.
5:50 of 1st period - Sean Couturier wins face-off versus Robert Thomas in St.Louis Blues zone.
5:55 of 1st period - Slapshot by Roman Josi.
5:55 of 1st period - Stopped by Scott Wedgewood with a rebound.
6:08 of 1st period - Brandon Hagel is hit by Sean Couturier and loses puck.
7:53 of 1st period - Jake Guentzel is hit by Johnny Gaudreau and loses puck.
8:39 of 1st period - Snap shot by Logan O'Connor.
8:39 of 1st period - Stopped by Semyon Varlamov with a rebound.
8:41 of 1st period - Wrist shot by Lars Eller.
8:41 of 1st period - Stopped by Semyon Varlamov with a rebound.
8:43 of 1st period - Wrist shot by Logan O'Connor.
8:43 of 1st period - Shot Misses the Net.
8:47 of 1st period - Snap shot by Logan O'Connor.
8:47 of 1st period - Stopped by Semyon Varlamov with a rebound.
8:59 of 1st period - Snap shot by Brandon Hagel.
8:59 of 1st period - Shot Misses the Net.
9:01 of 1st period - Slapshot by Robert Thomas.
9:01 of 1st period - Stopped by Semyon Varlamov with a rebound.
9:03 of 1st period - Slapshot by Colton Parayko.
9:03 of 1st period - Stopped by Semyon Varlamov with a rebound.
9:05 of 1st period - Wrist shot by Brandon Hagel.
9:05 of 1st period - Stopped by Semyon Varlamov without a rebound.
9:06 of 1st period - Sean Monahan wins face-off versus Jack Eichel in Vegas Golden Knights zone.
9:33 of 1st period - Mikhail Sergachev is hit by Auston Matthews.
9:40 of 1st period - Icing by Auston Matthews.
9:41 of 1st period - Brayden Point wins face-off versus Auston Matthews in Vegas Golden Knights zone.
10:26 of 1st period - Off-side.
10:27 of 1st period - Sean Monahan wins face-off versus Dakota Joshua in neutral zone.
11:11 of 1st period - Off-side.
11:12 of 1st period - Elias Lindholm wins face-off versus Jordan Staal in neutral zone.
11:15 of 1st period - Denis Gurianov is hit by Colton Parayko and loses puck.
11:22 of 1st period - Wrist shot by Alex Tuch.
11:22 of 1st period - Stopped by Semyon Varlamov with a rebound.
11:24 of 1st period - Slapshot by Colton Parayko.
11:24 of 1st period - Stopped by Semyon Varlamov with a rebound.
11:26 of 1st period - Snap shot by Alex Tuch.
11:26 of 1st period - Deflect By Cole Smith.
11:26 of 1st period - Stopped by Semyon Varlamov with a rebound.
12:05 of 1st period - Alex Pietrangelo is hit by Auston Matthews and loses puck.
12:33 of 1st period - Minor Penalty to Mark Stone for Tripping.
12:34 of 1st period - Lars Eller wins face-off versus Reilly Smith in St.Louis Blues zone.
12:40 of 1st period - Snap shot by Auston Matthews.
12:40 of 1st period - Stopped by Scott Wedgewood with a rebound.
12:42 of 1st period - Slapshot by John Marino.
12:42 of 1st period - Shot Blocked by Lars Eller.
12:44 of 1st period - Slapshot by Reilly Smith.
12:44 of 1st period - Shot Misses the Net.
12:50 of 1st period - Wrist shot by Bryan Rust.
12:50 of 1st period - Deflect By Auston Matthews.
12:50 of 1st period - Stopped by Scott Wedgewood with a rebound.
13:04 of 1st period - Elias Lindholm is hit by John Marino and loses puck.
13:36 of 1st period - Off-side.
13:37 of 1st period - Auston Matthews wins face-off versus Lars Eller in neutral zone.
14:33 of 1st period - Penalty to Mark Stone is over, Mark Stone is back on ice.
14:43 of 1st period - Wrist shot by Elias Pettersson.
14:43 of 1st period - Shot Blocked by Sean Couturier.
15:37 of 1st period - Snap shot by Dakota Joshua.
15:37 of 1st period - Stopped by Semyon Varlamov with a rebound.
15:39 of 1st period - Wrist shot by Jake Sanderson.
15:39 of 1st period - Stopped by Semyon Varlamov without a rebound.
15:40 of 1st period - Lars Eller wins face-off versus Jordan Staal in Vegas Golden Knights zone.
16:05 of 1st period - Snap shot by Dakota Joshua.
16:05 of 1st period - Deflect By Lars Eller.
16:05 of 1st period - Stopped by Semyon Varlamov without a rebound.
16:06 of 1st period - Jack Eichel wins face-off versus Auston Matthews in Vegas Golden Knights zone.
16:11 of 1st period - Snap shot by Elias Pettersson.
16:11 of 1st period - Deflect By Shea Theodore.
16:11 of 1st period - Stopped by Semyon Varlamov without a rebound.
16:12 of 1st period - Sean Monahan wins face-off versus Jack Eichel in Vegas Golden Knights zone.
16:19 of 1st period - Slapshot by Johnny Gaudreau.
16:19 of 1st period - Stopped by Scott Wedgewood with a rebound.
16:22 of 1st period - Icing by Jack Eichel.
16:23 of 1st period - Sean Monahan wins face-off versus Jack Eichel in St.Louis Blues zone.
16:30 of 1st period - Snap shot by Sean Monahan.
16:30 of 1st period - Shot Misses the Net.
16:53 of 1st period - Slapshot by Reilly Smith.
16:53 of 1st period - Stopped by Scott Wedgewood with a rebound.
16:55 of 1st period - Slapshot by Marc-Edouard Vlasic.
16:55 of 1st period - Shot Misses the Net.
16:57 of 1st period - Slapshot by Marc-Edouard Vlasic.
16:57 of 1st period - Stopped by Scott Wedgewood with a rebound.
16:59 of 1st period - Snap shot by Reilly Smith.
16:59 of 1st period - Goal by Reilly Smith - Vegas Golden Knights : 1 - St.Louis Blues : 0.
17:00 of 1st period - Jack Eichel wins face-off versus Sean Couturier in neutral zone.
17:03 of 1st period - Sean Couturier is hit by Jake Guentzel and loses puck.
17:14 of 1st period - Slapshot by Roman Josi.
17:14 of 1st period - Shot Misses the Net.
17:16 of 1st period - Wrist shot by Roman Josi.
17:16 of 1st period - Stopped by Scott Wedgewood with a rebound.
17:26 of 1st period - Jake Guentzel is hit by Bryan Rust.
17:46 of 1st period - Slapshot by Jake Guentzel.
17:46 of 1st period - Stopped by Semyon Varlamov with a rebound.
17:54 of 1st period - Jake Sanderson is hit by Reilly Smith and loses puck.
18:37 of 1st period - Snap shot by Auston Matthews.
18:37 of 1st period - Stopped by Scott Wedgewood with a rebound.
18:43 of 1st period - Reilly Smith is hit by Jake Sanderson and loses puck.
19:40 of 1st period - Snap shot by Elias Pettersson.
19:40 of 1st period - Deflect By Jack Eichel.
19:40 of 1st period - Shot Misses the Net.
19:40 of 1st period - Puck is out of play.
19:41 of 1st period - Matt Nieto wins face-off versus Brayden Point in Vegas Golden Knights zone.
19:41 of 1st period - Matt Nieto is hit by Colton Parayko.
Goals for this period are 1 for Vegas Golden Knights vs 0 for St.Louis Blues.
Shots for this period are 11 for Vegas Golden Knights vs 19 for St.Louis Blues.
2nd period
0:01 of 2nd period - Brayden Point wins face-off versus Sean Monahan in neutral zone.
0:23 of 2nd period - Minor Penalty to Brandon Hagel for Holding.
0:24 of 2nd period - Auston Matthews wins face-off versus Elias Lindholm in St.Louis Blues zone.
0:50 of 2nd period - Johnny Gaudreau is hit by Logan O'Connor and loses puck.
1:11 of 2nd period - Alex Tuch is hit by Reilly Smith.
2:23 of 2nd period - Penalty to Brandon Hagel is over, Brandon Hagel is back on ice.
2:30 of 2nd period - Slapshot by Denis Gurianov.
2:30 of 2nd period - Stopped by Scott Wedgewood with a rebound.
2:39 of 2nd period - Slapshot by Nick Leddy.
2:39 of 2nd period - Stopped by Semyon Varlamov without a rebound.
2:40 of 2nd period - Jordan Staal wins face-off versus Robert Thomas in Vegas Golden Knights zone.
2:40 of 2nd period - Jordan Staal is hit by Robert Thomas.
3:08 of 2nd period - Slapshot by Johnny Gaudreau.
3:08 of 2nd period - Stopped by Scott Wedgewood with a rebound.
3:44 of 2nd period - Wrist shot by Auston Matthews.
3:44 of 2nd period - Deflect By Mark Stone.
3:44 of 2nd period - Shot Misses the Net.
3:44 of 2nd period - Puck is out of play.
3:45 of 2nd period - Elias Lindholm wins face-off versus Bryan Rust in St.Louis Blues zone.
3:50 of 2nd period - Wrist shot by Bryan Rust.
3:50 of 2nd period - Deflect By Alex Tuch.
3:50 of 2nd period - Stopped by Scott Wedgewood without a rebound.
3:51 of 2nd period - Robert Thomas wins face-off versus Sean Monahan in St.Louis Blues zone.
4:28 of 2nd period - Slapshot by Alex Tuch.
4:28 of 2nd period - Goal by Alex Tuch - Vegas Golden Knights : 1 - St.Louis Blues : 1.
4:29 of 2nd period - Robert Thomas wins face-off versus Sean Monahan in neutral zone.
4:56 of 2nd period - Elias Lindholm is hit by Sean Couturier and loses puck.
5:24 of 2nd period - Icing by Jake Guentzel.
5:25 of 2nd period - Jack Eichel wins face-off versus Sean Monahan in St.Louis Blues zone.
6:42 of 2nd period - Snap shot by Lars Eller.
6:42 of 2nd period - Shot Misses the Net.
6:44 of 2nd period - Slapshot by Jake Sanderson.
6:44 of 2nd period - Shot Misses the Net.
6:46 of 2nd period - Snap shot by Dakota Joshua.
6:46 of 2nd period - Shot Blocked by Sean Couturier.
6:48 of 2nd period - Snap shot by Dakota Joshua.
6:48 of 2nd period - Stopped by Semyon Varlamov without a rebound.
6:49 of 2nd period - Sean Monahan wins face-off versus Robert Thomas in Vegas Golden Knights zone.
7:39 of 2nd period - Colton Parayko is hit by Ryan Graves.
7:56 of 2nd period - Snap shot by Reilly Smith.
7:56 of 2nd period - Deflect By Sean Monahan.
7:56 of 2nd period - Shot Misses the Net.
7:56 of 2nd period - Puck is out of play.
7:57 of 2nd period - Lars Eller wins face-off versus Sean Monahan in St.Louis Blues zone.
8:03 of 2nd period - Off-side.
8:04 of 2nd period - Robert Thomas wins face-off versus Johnny Gaudreau in neutral zone.
8:19 of 2nd period - Wrist shot by Robert Thomas.
8:19 of 2nd period - Shot Blocked by Thomas Chabot.
8:21 of 2nd period - Slapshot by Jaccob Slavin.
8:21 of 2nd period - Shot Blocked by Johnny Gaudreau.
8:27 of 2nd period - Minor Penalty to Thomas Chabot for Hooking.
8:28 of 2nd period - Jordan Staal wins face-off versus Robert Thomas in Vegas Golden Knights zone.
10:27 of 2nd period - Penalty to Thomas Chabot is over, Thomas Chabot is back on ice.
10:30 of 2nd period - Icing by Dakota Joshua.
10:31 of 2nd period - Sean Monahan wins face-off versus Dakota Joshua in St.Louis Blues zone.
11:10 of 2nd period - Minor Penalty to Thomas Chabot for Tripping.
11:11 of 2nd period - Jordan Staal wins face-off versus Robert Thomas in Vegas Golden Knights zone.
11:19 of 2nd period - Cole Smith is hit by Brayden Point and loses puck.
13:10 of 2nd period - Penalty to Thomas Chabot is over, Thomas Chabot is back on ice.
13:45 of 2nd period - Icing by Logan O'Connor.
13:46 of 2nd period - Lars Eller wins face-off versus Sean Monahan in St.Louis Blues zone.
13:51 of 2nd period - Colton Parayko is hit by Thomas Chabot.
14:14 of 2nd period - Off-side.
14:15 of 2nd period - Sean Couturier wins face-off versus Robert Thomas in neutral zone.
15:11 of 2nd period - Lars Eller is hit by Reilly Smith and loses puck.
15:22 of 2nd period - Snap shot by Sean Couturier.
15:22 of 2nd period - Stopped by Scott Wedgewood with a rebound.
15:24 of 2nd period - Wrist shot by Danton Heinen.
15:24 of 2nd period - Deflect By Sean Couturier.
15:24 of 2nd period - Stopped by Scott Wedgewood with a rebound.
15:26 of 2nd period - Snap shot by Sean Couturier.
15:26 of 2nd period - Stopped by Scott Wedgewood with a rebound.
15:28 of 2nd period - Wrist shot by Matt Nieto.
15:28 of 2nd period - Shot Blocked by Jaccob Slavin.
16:19 of 2nd period - Jake Sanderson is hit by Bryan Rust and loses puck.
16:32 of 2nd period - Snap shot by Jack Eichel.
16:32 of 2nd period - Goal by Jack Eichel - Vegas Golden Knights : 1 - St.Louis Blues : 2.
16:33 of 2nd period - Sean Couturier wins face-off versus Jake Guentzel in neutral zone.
17:04 of 2nd period - Minor Penalty to Robert Thomas for Goalie Interference.
17:05 of 2nd period - Elias Lindholm wins face-off versus Johnny Gaudreau in St.Louis Blues zone.
17:35 of 2nd period - Backhand shot by Roman Josi.
17:35 of 2nd period - Deflect By Elias Lindholm.
17:35 of 2nd period - Stopped by Scott Wedgewood with a rebound.
17:53 of 2nd period - Jaccob Slavin is hit by Thomas Chabot and loses puck.
19:04 of 2nd period - Penalty to Robert Thomas is over, Robert Thomas is back on ice.
19:18 of 2nd period - Slapshot by Jordan Staal.
19:18 of 2nd period - Shot Misses the Net.
19:20 of 2nd period - Slapshot by Marc-Edouard Vlasic.
19:20 of 2nd period - Stopped by Scott Wedgewood with a rebound.
19:47 of 2nd period - Icing by Jordan Staal.
19:48 of 2nd period - Jordan Staal wins face-off versus Elias Pettersson in Vegas Golden Knights zone.
19:48 of 2nd period - Jordan Staal is hit by Colton Parayko.
Goals for this period are 0 for Vegas Golden Knights vs 2 for St.Louis Blues.
Shots for this period are 8 for Vegas Golden Knights vs 4 for St.Louis Blues.
3rd period
0:01 of 3rd period - Elias Lindholm wins face-off versus Sean Monahan in neutral zone.
0:31 of 3rd period - Slapshot by Sean Couturier.
0:31 of 3rd period - Shot Misses the Net.
1:34 of 3rd period - Colton Parayko is hit by Roman Josi.
1:44 of 3rd period - Shea Theodore is hit by Mark Stone and loses puck.
1:54 of 3rd period - Icing by Alex Tuch.
1:55 of 3rd period - Sean Monahan wins face-off versus Alex Tuch in St.Louis Blues zone.
1:56 of 3rd period - Wrist shot by Johnny Gaudreau.
1:56 of 3rd period - Shot Blocked by Alex Pietrangelo.
1:58 of 3rd period - Wrist shot by Johnny Gaudreau.
1:58 of 3rd period - Shot Misses the Net.
2:00 of 3rd period - Snap shot by Tyler Toffoli.
2:00 of 3rd period - Shot Blocked by Alex Pietrangelo.
2:02 of 3rd period - Backhand shot by John Marino.
2:02 of 3rd period - Shot Blocked by Alex Tuch.
2:04 of 3rd period - Snap shot by Tyler Toffoli.
2:04 of 3rd period - Shot Misses the Net.
2:28 of 3rd period - Wrist shot by Brayden Point.
2:28 of 3rd period - Stopped by Semyon Varlamov with a rebound.
2:52 of 3rd period - Slapshot by Sean Couturier.
2:52 of 3rd period - Stopped by Scott Wedgewood without a rebound.
2:53 of 3rd period - Jack Eichel wins face-off versus Sean Monahan in St.Louis Blues zone.
3:19 of 3rd period - Brayden Point is hit by Matt Nieto and loses puck.
4:29 of 3rd period - Icing by Roman Josi.
4:30 of 3rd period - Sean Monahan wins face-off versus Robert Thomas in Vegas Golden Knights zone.
4:46 of 3rd period - John Marino is hit by Robert Thomas and loses puck.
5:01 of 3rd period - Minor Penalty to Sean Monahan for Hooking.
5:02 of 3rd period - Jordan Staal wins face-off versus Robert Thomas in Vegas Golden Knights zone.
5:08 of 3rd period - Snap shot by Jordan Staal.
5:08 of 3rd period - Stopped by Scott Wedgewood with a rebound.
5:10 of 3rd period - Snap shot by John Marino.
5:10 of 3rd period - Shot Misses the Net.
5:12 of 3rd period - Slapshot by John Marino.
5:12 of 3rd period - Shot Misses the Net.
5:14 of 3rd period - Slapshot by Ryan Graves.
5:14 of 3rd period - Shot Misses the Net.
5:16 of 3rd period - Slapshot by Ryan Graves.
5:16 of 3rd period - Stopped by Scott Wedgewood without a rebound.
5:17 of 3rd period - Elias Lindholm wins face-off versus Denis Gurianov in St.Louis Blues zone.
5:38 of 3rd period - Ryan Graves is hit by Mark Stone and loses puck.
5:45 of 3rd period - Slapshot by John Marino.
5:45 of 3rd period - Deflect By Matt Nieto.
5:45 of 3rd period - Stopped by Scott Wedgewood without a rebound.
5:46 of 3rd period - Brayden Point wins face-off versus Denis Gurianov in St.Louis Blues zone.
5:46 of 3rd period - Brayden Point is hit by Cole Smith.
5:58 of 3rd period - Slapshot by Brayden Point.
5:58 of 3rd period - Stopped by Semyon Varlamov with a rebound.
7:01 of 3rd period - Penalty to Sean Monahan is over, Sean Monahan is back on ice.
7:20 of 3rd period - Lars Eller is hit by Johnny Gaudreau.
7:40 of 3rd period - Reilly Smith is hit by Lars Eller and loses puck.
7:46 of 3rd period - Off-side.
7:47 of 3rd period - Robert Thomas wins face-off versus Sean Couturier in neutral zone.
9:09 of 3rd period - Wrist shot by Sean Couturier.
9:09 of 3rd period - Stopped by Scott Wedgewood without a rebound.
9:10 of 3rd period - Sean Couturier wins face-off versus Jack Eichel in St.Louis Blues zone.
9:54 of 3rd period - Wrist shot by Danton Heinen.
9:54 of 3rd period - Stopped by Scott Wedgewood with a rebound.
9:56 of 3rd period - Snap shot by Matt Nieto.
9:56 of 3rd period - Shot Misses the Net.
9:58 of 3rd period - Slapshot by Ryan Graves.
9:58 of 3rd period - Shot Blocked by Colton Parayko.
10:00 of 3rd period - Slapshot by Sean Couturier.
10:00 of 3rd period - Shot Misses the Net.
10:02 of 3rd period - Wrist shot by Sean Couturier.
10:02 of 3rd period - Deflect By Matt Nieto.
10:02 of 3rd period - Shot Blocked by Colton Parayko.
10:02 of 3rd period - Puck is out of play.
10:03 of 3rd period - Sean Monahan wins face-off versus Jack Eichel in St.Louis Blues zone.
10:08 of 3rd period - Snap shot by Johnny Gaudreau.
10:08 of 3rd period - Goal by Johnny Gaudreau - Vegas Golden Knights : 2 - St.Louis Blues : 2.
10:09 of 3rd period - Jack Eichel wins face-off versus Sean Monahan in neutral zone.
10:12 of 3rd period - Slapshot by Jack Eichel.
10:12 of 3rd period - Shot Misses the Net.
10:14 of 3rd period - Slapshot by Alex Pietrangelo.
10:14 of 3rd period - Deflect By Jack Eichel.
10:14 of 3rd period - Shot Blocked by Roman Josi.
10:14 of 3rd period - Puck is out of play.
10:15 of 3rd period - Sean Monahan wins face-off versus Jack Eichel in Vegas Golden Knights zone.
10:30 of 3rd period - Wrist shot by Jack Eichel.
10:30 of 3rd period - Stopped by Semyon Varlamov with a rebound.
10:32 of 3rd period - Wrist shot by Jake Guentzel.
10:32 of 3rd period - Shot Misses the Net.
10:38 of 3rd period - Minor Penalty to John Marino for Tripping.
10:39 of 3rd period - Robert Thomas wins face-off versus Jordan Staal in Vegas Golden Knights zone.
10:40 of 3rd period - Slapshot by Jack Eichel.
10:40 of 3rd period - Stopped by Semyon Varlamov without a rebound.
10:41 of 3rd period - Jordan Staal wins face-off versus Robert Thomas in Vegas Golden Knights zone.
12:34 of 3rd period - Wrist shot by Sean Couturier.
12:34 of 3rd period - Deflect By Tyler Toffoli.
12:34 of 3rd period - Stopped by Scott Wedgewood with a rebound.
12:38 of 3rd period - Penalty to John Marino is over, John Marino is back on ice.
12:48 of 3rd period - Slapshot by Bryan Rust.
12:48 of 3rd period - Deflect By Auston Matthews.
12:48 of 3rd period - Stopped by Scott Wedgewood with a rebound.
12:50 of 3rd period - Snap shot by Bryan Rust.
12:50 of 3rd period - Stopped by Scott Wedgewood without a rebound.
12:51 of 3rd period - Auston Matthews wins face-off versus Lars Eller in St.Louis Blues zone.
13:00 of 3rd period - Snap shot by Auston Matthews.
13:00 of 3rd period - Stopped by Scott Wedgewood without a rebound.
13:01 of 3rd period - Lars Eller wins face-off versus Sean Monahan in St.Louis Blues zone.
13:10 of 3rd period - Snap shot by Lars Eller.
13:10 of 3rd period - Stopped by Semyon Varlamov without a rebound.
13:11 of 3rd period - Jake Guentzel wins face-off versus Sean Monahan in Vegas Golden Knights zone.
14:18 of 3rd period - John Marino is hit by Logan O'Connor and loses puck.
14:49 of 3rd period - Wrist shot by Jack Eichel.
14:49 of 3rd period - Stopped by Semyon Varlamov with a rebound.
15:07 of 3rd period - Tyler Toffoli is hit by Jack Eichel and loses puck.
15:14 of 3rd period - Slapshot by Ryan Graves.
15:14 of 3rd period - Shot Blocked by Jack Eichel.
15:16 of 3rd period - Snap shot by Sean Monahan.
15:16 of 3rd period - Shot Misses the Net.
15:40 of 3rd period - Snap shot by Tyler Toffoli.
15:40 of 3rd period - Shot Blocked by Jake Sanderson.
16:12 of 3rd period - Snap shot by Tyler Toffoli.
16:12 of 3rd period - Shot Misses the Net.
16:14 of 3rd period - Snap shot by Sean Monahan.
16:14 of 3rd period - Shot Blocked by Jaccob Slavin.
16:16 of 3rd period - Slapshot by Ryan Graves.
16:16 of 3rd period - Shot Blocked by Elias Pettersson.
16:18 of 3rd period - Slapshot by Marc-Edouard Vlasic.
16:18 of 3rd period - Shot Misses the Net.
16:20 of 3rd period - Slapshot by Ryan Graves.
16:20 of 3rd period - Shot Blocked by Jaccob Slavin.
16:22 of 3rd period - Snap shot by Tyler Toffoli.
16:22 of 3rd period - Shot Blocked by Elias Pettersson.
16:24 of 3rd period - Slapshot by Ryan Graves.
16:24 of 3rd period - Stopped by Scott Wedgewood with a rebound.
16:26 of 3rd period - Snap shot by Johnny Gaudreau.
16:26 of 3rd period - Shot Misses the Net.
16:28 of 3rd period - Slapshot by Marc-Edouard Vlasic.
16:28 of 3rd period - Stopped by Scott Wedgewood with a rebound.
16:51 of 3rd period - Off-side.
16:52 of 3rd period - Sean Couturier wins face-off versus Elias Lindholm in neutral zone.
16:57 of 3rd period - Wrist shot by Matt Nieto.
16:57 of 3rd period - Shot Misses the Net.
16:59 of 3rd period - Snap shot by Matt Nieto.
16:59 of 3rd period - Shot Blocked by Elias Lindholm.
17:17 of 3rd period - Denis Gurianov is hit by Alex Pietrangelo.
17:47 of 3rd period - Snap shot by Lars Eller.
17:47 of 3rd period - Stopped by Semyon Varlamov without a rebound.
17:48 of 3rd period - Lars Eller wins face-off versus Sean Couturier in Vegas Golden Knights zone.
19:10 of 3rd period - Wrist shot by Sean Couturier.
19:10 of 3rd period - Shot Misses the Net.
19:38 of 3rd period - Icing by Lars Eller.
19:39 of 3rd period - Dakota Joshua wins face-off versus Jordan Staal in St.Louis Blues zone.
19:56 of 3rd period - Wrist shot by Dakota Joshua.
19:56 of 3rd period - Deflect By Logan O'Connor.
19:56 of 3rd period - Stopped by Semyon Varlamov without a rebound.
19:57 of 3rd period - Sean Monahan wins face-off versus Elias Lindholm in Vegas Golden Knights zone.
Goals for this period are 1 for Vegas Golden Knights vs 0 for St.Louis Blues.
Shots for this period are 13 for Vegas Golden Knights vs 8 for St.Louis Blues.
Overtime #1
0:01 of 1st overtime period - Jack Eichel wins face-off versus Auston Matthews in neutral zone.
0:17 of 1st overtime period - Bryan Rust is hit by Alex Pietrangelo and loses puck.
1:18 of 1st overtime period - Thomas Chabot is hit by Alex Pietrangelo and loses puck.
1:57 of 1st overtime period - Roman Josi is hit by Colton Parayko.
3:31 of 1st overtime period - Denis Gurianov is hit by Elias Pettersson.
3:47 of 1st overtime period - Jack Eichel is hit by John Marino and loses puck.
Goals for this period are 0 for Vegas Golden Knights vs 0 for St.Louis Blues.
Shots for this period are 0 for Vegas Golden Knights vs 0 for St.Louis Blues.
ShootOut
5:00 of 1st overtime period - Round #1.
5:00 of 1st overtime period - Vegas Golden Knights, Auston Matthews.
5:00 of 1st overtime period - Wrist shot by Auston Matthews.
5:00 of 1st overtime period - Stopped by Scott Wedgewood.
5:00 of 1st overtime period - St.Louis Blues, Elias Pettersson.
5:00 of 1st overtime period - Deke by Elias Pettersson.
5:00 of 1st overtime period - Stopped by Semyon Varlamov.
5:00 of 1st overtime period - Round #2.
5:00 of 1st overtime period - Vegas Golden Knights, Bryan Rust.
5:00 of 1st overtime period - Snap shot by Bryan Rust.
5:00 of 1st overtime period - Stopped by Scott Wedgewood.
5:00 of 1st overtime period - St.Louis Blues, Jack Eichel.
5:00 of 1st overtime period - Wrist shot by Jack Eichel.
5:00 of 1st overtime period - Goal by Jack Eichel.
5:00 of 1st overtime period - Round #3.
5:00 of 1st overtime period - Vegas Golden Knights, Sean Monahan.
5:00 of 1st overtime period - Snap shot by Sean Monahan.
5:00 of 1st overtime period - Stopped by Scott Wedgewood.
Back to the Top